 Dungeon Crawl Stone Soup version 0.31-a0-1134-gb247575 (webtiles) character file.

Game seed: 15600397068213925957

122 PidgeyThePirate the Ruffian (level 4, -2/35 HPs)
             Began as a Demigod Shapeshifter on Dec 5, 2023.
             Killed from afar by an orc wizard (10 damage)
             ... with a puff of flame
             ... on level 3 of the Dungeon.
             The game lasted 00:03:31 (2057 turns).

PidgeyThePirate the Ruffian (Demigod Shapeshifter)  Turns: 2057, Time: 00:03:31

Health: -2/35      AC:  2    Str: 19    XL:     4   Next: 50%
Magic:  6/6        EV: 17    Int: 12    God:
Gold:   168        SH:  0    Dex: 13    Spells: 3/3 levels left

rFire   . .          .
                       - Unarmed
rCold   . . .        (no shield)
rNeg    . . .        a - +0 animal skin
rPois   .            (helmet currently unavailable)
rElec   .            (cloak currently unavailable)
rCorr   .            (gloves currently unavailable)
SInv    .            (boots currently unavailable)
Will    .....        (no amulet)
Stlth   +            n - +5 ring of evasion
HPRegen 0.25/turn    e - ring of wizardry
MPRegen 0.10/turn

%: wizardry (x1)
@: beast-form
A: beast (slay +1), high MP 1, forlorn, divine attributes
a: Begin Untransformation


You were on level 3 of the Dungeon.
You were a hulking beast.
You visited 1 branch of the dungeon, and saw 3 of its levels.

You collected 168 gold pieces.

Inventory:

Missiles
 i - 4 throwing nets
Armour
 a - a +0 animal skin (worn)
Jewellery
 e - a ring of wizardry (right hand)
 n - a +5 ring of evasion (left hand)
Talismans
 c - a beast talisman
 d - a flux talisman
Scrolls
 f - a scroll of poison {unknown}
 h - a scroll of teleportation {unknown}
 j - a scroll of identify {unknown}
 l - a scroll of noise {unknown}
 o - a scroll of fear {unknown}
Potions
 b - 2 potions of lignification
 k - a potion of haste {unknown}
 m - a potion of curing


   Skills:
 + Level 1.3 Fighting
 + Level 2.4 Dodging
 + Level 0.6 Stealth
 + Level 3.8 Unarmed Combat
 * Level 3.4 Shapeshifting


You had 3 spell levels left.
You didn't know any spells.
Your spell library was empty.

Dungeon Overview and Level Annotations

Branches:
Dungeon (3/15)


Innate Abilities, Weirdness & Mutations

You are a hulking beast.
Your limbs bulge with bestial killing power. (Slay +1)
You have an increased reservoir of magic. (+10% MP)
You shall have no god before yourself.
Your divine heritage dramatically boosts your attributes as you level up.


Message History

You bump into the rock wall.
The orc priest closely misses you.
You bump into the rock wall.
The orc priest hits you with a +0 hand axe.
* * * LOW HITPOINT WARNING * * *
It was a potion of curing.
You feel better. The orc priest completely misses you.
You hit the orc priest.
You kill the orc priest!
Something hits you but does no damage.
You miss something. Something barely misses you.
You hit something.
You hear some strange, mumbled words.
You are confused.
Something barely misses you.
You bump into the rock wall.
You hear some strange, mumbled words.
Something tries to affect you, but you resist.
You feel less confused. Something hits you but does no damage.
You miss something. Something hits you but does no damage.
You closely miss something. Something closely misses you.
You closely miss something. Something hits you.
* * * LOW HITPOINT WARNING * * *
You closely miss something. Something hits you.
* * * LOW HITPOINT WARNING * * *
You hit something but do no damage. Something hits you.
* * * LOW HITPOINT WARNING * * *
You closely miss something. You punch something. Something hits you.
* * * LOW HITPOINT WARNING * * *
You punch something! Something hits you.
* * * LOW HITPOINT WARNING * * *
You feel better.
A giant cockroach comes into view.
Something hits you.
* * * LOW HITPOINT WARNING * * *
You hit something.
You hear some strange, mumbled words.
A puff of flame appears from out of thin air!
The puff of flame hits you!
You die...

.?.......# #...
.$K. #..# ####..#
.....##..#####.
#......
...............
#.##..#
.....##B#######
##.##..# .... #.#
#......# ... #o#
#..##..# ## #{#
###..##..# #h#
#......... #.#
#.#.†##.#. #.#
#....##.#. #.#
#.##....#.
#.#######.##.#####
#.........##....#.
#########.#####.#.
#.# #.#. #.# #...


You could see an orc and a giant cockroach.

Vanquished Creatures
  A hound (D:3)
  An orc priest (D:3)
  2 adders (D:2)
  A worm (D:2)
  A dart slug (D:2)
  2 orcs (D:3)
  4 ball pythons
  2 bats
  An endoplasm (D:2)
  2 giant cockroaches
  5 goblins
  3 hobgoblins
  2 kobolds (D:1)
  3 quokkas
  10 rats
40 creatures vanquished.

Notes
Turn   | Place    | Note
-------+----------+-------------------------------------------
     0 | D:1      | PidgeyThePirate the Demigod Shapeshifter began the quest
                  | for the Orb.
     0 | D:1      | Reached XP level 1. HP: 15/15 MP: 3/3
   587 | D:1      | Reached XP level 2. HP: 22/22 MP: 4/4
  1080 | D:2      | Reached skill level 1 in Fighting
  1274 | D:2      | Reached XP level 3. HP: 19/28 MP: 5/5
  2028 | D:3      | Reached XP level 4. HP: 18/35 MP: 6/6
  2057 | D:3      | Killed from afar by an orc wizard

Illustrated notes

Levels and vault maps discovered:
D:1:      sevenhm_arrival_forest_fort_small_3, layout_basic,
          shapermc_ecumenical_altar_mp_vishouse
D:2:      layout_basic, basic_altar, minmay_misc_feat_secret_circle,
          nrook_campfire, nicolae_the_louvre
D:3:      layout_loops_ring

Skill      XL: |  1  2 |
---------------+-------+-----
Shapeshifting  | 3 |  3.4
Unarmed Combat | 3 |  3.8
Fighting       | 1 |  1.3
Dodging        | 2 |  2.4
Stealth        | |  0.6

Action                     |  1- 3 |  4- 6 || total
---------------------------+-------+-------++-------
  Melee: Unarmed           |   130 |    17 ||   147
         Punch             |     3 |     1 ||     4
    Use: Potion            |     2 |     2 ||     4
   Stab: Sleeping          |     1 |       ||     1
 Armour: Animal skin       |    56 |    14 ||    70
  Dodge: Dodged            |    93 |     9 ||   102

Table legend: (Time is in decaauts)
 A = Elapsed time spent in this place.
 B = Non-inter-level travel time spent in this place.
 C = Inter-level travel time spent in this place.
 D = Time resting spent in this place.
 E = Time spent auto-exploring this place.
 F = Levels seen in this place.
 G = Mean time per level.
                   A        B        C        D        E       F      G
               +--------+--------+--------+--------+--------+-----+--------+
         Total |   2056 |   1969 |     87 |      0 |   1566 |   3 |  685.3 |
       Dungeon |   2056 |   1969 |     87 |      0 |   1566 |   3 |  685.3 |
               +--------+--------+--------+--------+--------+-----+--------+

Top non-repeatable levels by time:
     D:1: 958 daAuts
     D:2: 808 daAuts
     D:3: 289 daAuts
